 Dungeon Crawl Stone Soup version 0.23.2-30-g0e89c35649 (webtiles) character file.

Game seed: 1420353276720879424

3502 Kobolds4U the Covert (level 9, 0/50 HPs)
             Began as a Deep Elf Conjurer on June 16, 2019.
             Was an Initiate of Ashenzari.
             Slain by a hog (6 damage)
             ... on level 7 of the Dungeon on June 17, 2019.
             The game lasted 00:26:24 (8031 turns).

Kobolds4U the Covert (Deep Elf Conjurer)            Turns: 8031, Time: 00:26:24

Health: 0/50       AC:  8    Str:  6    XL:     9   Next: 80%
Magic:  5/24       EV: 14    Int: 23    God:    Ashenzari [......]
Gold:   299        SH:  0    Dex: 15    Spells: 16/26 levels left

rFire    . . .     SeeInvis .   x - +3 short sword
rCold    . . .     Gourm    .   (no shield)
rNeg     . . .     Faith    .   a - +0 robe
rPois    .         Spirit   .   (no helmet)
rElec    .         Reflect  .   (no cloak)
rCorr    .         Harm     .   m - +0 pair of gloves
MR       .....                  j - +0 pair of boots
Stlth    +++++.....             B - amulet of regeneration
HPRegen  0.56/turn              A - +4 ring of protection
MPRegen  0.19/turn              L - +1 ring of evasion

@: no status effects
A: no striking features
a: Curse Item, Renounce Religion


You were on level 7 of the Dungeon.
You worshipped Ashenzari.
Ashenzari was noncommittal.
You were not hungry.

You visited 2 branches of the dungeon, and saw 8 of its levels.

You collected 415 gold pieces.
You spent 116 gold pieces at shops.

Inventory:

Hand Weapons
 d - a +0 long sword
 s - a +0 dagger
 x - a +3 short sword (weapon)
 I - a +0 shortbow
Missiles
 w - 81 bolts
 E - 6 tomahawks (quivered)
 F - 2 exploding tomahawks
 J - 29 arrows
Armour
 a - a +0 robe (worn)
 j - a +0 pair of boots (worn)
 m - a +0 pair of gloves (worn)
 C - a +1 scale mail of cold resistance
 D - a +0 leather armour of magic resistance
Jewellery
 z - an uncursed amulet of harm
 A - a +4 ring of protection (left hand)
 B - an amulet of regeneration (around neck)
 L - a +1 ring of evasion (right hand)
Wands
 o - a wand of digging (9)
 t - a wand of polymorph (11)
 u - a wand of acid (12)
 M - a wand of iceblast (4)
Scrolls
 b - 4 scrolls of enchant weapon {unknown}
 f - 2 scrolls of blinking {unknown}
 g - 3 scrolls of teleportation
 i - 2 scrolls of magic mapping {unknown}
 l - 2 scrolls of fear {unknown}
 n - 2 scrolls of amnesia {unknown}
 q - a scroll of immolation {unknown}
 r - 2 scrolls of enchant armour {unknown}
 y - 3 scrolls of remove curse
 G - a scroll of acquirement {unknown}
 K - a scroll of identify
Potions
 e - a potion of heal wounds
 h - a potion of haste
 k - a potion of might
 p - a potion of curing
 v - a potion of brilliance
 H - a potion of resistance
Comestibles
 c - 9 rations


   Skills:
 - Level 3.0 Fighting
 - Level 6.3 Short Blades
 - Level 2.4 Dodging
 * Level 10.5 Stealth
 - Level 9.1 Spellcasting
 - Level 6.1 Conjurations
 - Level 3.0 Hexes
 - Level 3.3 Translocations


You had 16 spell levels left.
You knew the following spells:

 Your Spells              Type           Power        Failure   Level  Hunger
a - Magic Dart            Conj           ####         1%          1    None
b - Searing Ray           Conj           #####.       1%          2    None
c - Dazzling Spray        Conj/Hex       ####..       2%          3    None
d - Force Lance           Conj/Tloc      ####....     9%          4    ##.....

Your spell library contained the following spells:

 Spells                   Type           Power        Failure   Level  Hunger
 Shroud of Golubria       Chrm/Tloc      ###.......   4%          2    None
 Iskenderun's Mystic Bla  Conj           #####...     4%          4    ##.....
 Infusion                 Chrm           ##..         6%          1    None
 Song of Slaying          Chrm           ##......     10%         2    None
 Spectral Weapon          Hex/Chrm       ###.....     10%         3    None
 Fulminant Prism          Conj/Hex       ####......   10%         4    ##.....
 Regeneration             Chrm/Necr      ##........   19%         3    None


Dungeon Overview and Level Annotations

Branches:
Dungeon (7/15)             Temple (1/1) D:7

Altars:
Ashenzari
Cheibriados
Fedhas
Gozag
Kikubaaqudgha
Makhleb
Nemelex Xobeh
Ru
Sif Muna
Uskayaw
Wu Jian
Yredelemnul
Beogh

Shops:
D:4 *   D:5 =

Annotations:
D:6 3 runed translucent doors, Eustachio; mive's ghost, novice HuCK


Message History

Confirm with . or Enter, or press ? or * to list all spells.
Aiming: Dazzling Spray (safe; 2% risk of failure)
Press: ? - help, Shift-Dir - straight line, f/p - hog
Aim: a hog The spray of energy hits the hog!
The hog is moderately wounded.
The hog is dazzled.
The hog misses you. The hog bites you.
* * * LOW HITPOINT WARNING * * *
The hog is no longer blind.
Casting: Dazzling Spray (safe; 2% risk of failure)
Confirm with . or Enter, or press ? or * to list all spells.
Aiming: Dazzling Spray (safe; 2% risk of failure)
Press: ? - help, Shift-Dir - straight line, f/p - hog
Aim: a hog (moderately wounded)
The spray of energy misses the hog. x2; The hog bites you!
* * * LOW HITPOINT WARNING * * *
The hog barely misses you. The hog bites you.
You die...

.....#####.!................#.###
.....#..†........................
.......###.########.........#.###
#.###....P.# #.............. #.#
#..PP..########..#.####......
#.###.P>.....##.....>#.####......
#.##..PP.....#########.#.........
#.##.P...........#####.####......
#.....:.........@h.......##......
#........#.......h...............
#........########........##......
........## ##........###..###
#.####.## #................. #.#
#.# ##........###.#### ..# #.#
#........# #.# ### #.# ##########
#.# #.# #.#


You could see 2 hogs.

Vanquished Creatures
  A centaur zombie (D:7)
  Prince Ribbit (D:5)
  A human (D:7)
  2 hogs (D:7)
  Edmund (D:4)
  An orc warrior (D:7)
  A sky beast (D:6)
  A black bear (D:7)
  A necrophage (D:7)
  A centaur (D:6)
  6 ogres
  2 bullfrogs
  3 scorpions
  9 killer bees
  A howler monkey (D:7)
  4 crimson imps
  An orc priest (D:5)
  2 hounds (D:7)
  An iguana (D:5)
  8 worker ants
  4 orc wizards (D:7)
  2 hound skeletons (D:5)
  A worker ant zombie (D:6)
  7 adders
  A shadow imp (D:5)
  An ooze (D:1)
  2 adder skeletons
  5 worms
  4 dart slugs
  8 leopard geckos
  27 orcs
  4 bats
  4 giant cockroaches
  9 goblins
  4 hobgoblins
  7 jackals
  5 kobolds
  A quokka (D:4)
  A ball python (D:3)
  3 frilled lizards
  A leopard gecko skeleton (D:7)
  A quokka zombie (D:5)
  4 rats
154 creatures vanquished.

Notes
Turn   | Place    | Note
-------+----------+-------------------------------------------
     0 | D:1      | Kobolds4U the Deep Elf Conjurer began the quest for the
                  | Orb.
     0 | D:1      | Reached XP level 1. HP: 10/10 MP: 6/6
   239 | D:1      | Reached XP level 2. HP: 15/15 MP: 3/8
   655 | D:1      | Learned a level 2 spell: Searing Ray
   925 | D:2      | Reached XP level 3. HP: 19/19 MP: 5/10
   997 | D:2      | Found a snail-covered altar of Cheibriados.
  1178 | D:2      | Reached skill level 5 in Spellcasting
  1178 | D:2      | Reached skill level 5 in Conjurations
  1435 | D:2      | Learned a level 3 spell: Dazzling Spray
  1748 | D:3      | Reached XP level 4. HP: 24/24 MP: 10/13
  1779 | D:2      | Reached skill level 1 in Hexes
  2086 | D:3      | Found an ancient bone altar of Kikubaaqudgha.
  2392 | D:3      | Found a faded altar of an unknown god.
  2904 | D:3      | Noticed a bullfrog
  2911 | D:3      | Killed a bullfrog
  2911 | D:3      | Reached XP level 5. HP: 22/28 MP: 10/15
  2922 | D:3      | Learned a level 4 spell: Force Lance
  3070 | D:4      | Noticed an ogre
  3075 | D:4      | Killed an ogre
  3075 | D:4      | Reached skill level 1 in Translocations
  3075 | D:4      | Reached XP level 6. HP: 32/32 MP: 9/16
  3222 | D:4      | Noticed Edmund
  3852 | D:4      | Found Eschigim's Assorted Antiques.
  3855 | D:4      | Bought a scroll labeled QIFAPU DADD for 29 gold pieces
  3855 | D:4      | Bought a scroll labeled VOONNE LOFAZU for 29 gold pieces
  3855 | D:4      | Bought a scroll labeled SILEUSS LOXZENEWNO for 29 gold
                  | pieces
  3855 | D:4      | Bought a scroll labeled VOONNE LOFAZU for 29 gold pieces
  3940 | D:4      | Killed Edmund
  3940 | D:4      | Reached skill level 1 in Short Blades
  3940 | D:4      | Reached XP level 7. HP: 28/36 MP: 0/19
  4095 | D:5      | Entered Level 5 of the Dungeon
  4254 | D:5      | Noticed Prince Ribbit
  4261 | D:5      | Killed Prince Ribbit
  4261 | D:5      | Reached skill level 1 in Fighting
  4672 | D:5      | Found Okhituf's Jewellery Shop.
  4704 | D:5      | Reached XP level 8. HP: 46/46 MP: 14/20
  5023 | D:5      | Reached skill level 3 in Stealth
  5297 | D:6      | Noticed Eustachio
  5331 | D:6      | Found an ornate altar of the Wu Jian Council.
  5533 | D:6      | Reached skill level 4 in Stealth
  5780 | D:6      | Reached skill level 5 in Stealth
  5872 | D:7      | Reached skill level 5 in Short Blades
  5936 | D:6      | Reached skill level 6 in Stealth
  6086 | D:6      | Found a runed translucent gate.
  6086 | D:6      | Noticed mive's ghost (novice HuCK)
  6087 | D:6      | Found a runed translucent gate.
  6088 | D:6      | Found a runed translucent gate.
  6094 | D:6      | Found a roughly hewn altar of Beogh.
  6441 | D:7      | Reached XP level 9. HP: 19/50 MP: 18/23
  6724 | D:7      | Found a staircase to the Ecumenical Temple.
  6741 | Temple   | Entered the Ecumenical Temple
  6746 | Temple   | Became a worshipper of Ashenzari the Shackled
  6779 | D:7      | Reached skill level 7 in Stealth
  6907 | D:7      | Reached skill level 8 in Stealth
  7229 | D:6      | Reached skill level 9 in Stealth
  7928 | D:7      | Found a sacrificial altar of Ru.
  7991 | D:7      | Reached skill level 10 in Stealth
  8031 | D:7      | Slain by a hog

Skill      XL: |  1  2  3  4  5  6  7  8  9 |
---------------+----------------------------+-----
Spellcasting   | 4 5 6 7 8 9 |  9.1
Conjurations   | 5 6 |  6.1
Hexes          | 3 |  3.0
Translocations | 1 3 |  3.3
Short Blades   | 1 3 5 6 |  6.3
Fighting       | 3 |  3.0
Stealth        | 6 10 | 10.5
Dodging        | |  2.4

Action                   |  1- 3 |  4- 6 |  7- 9 || total
-------------------------+-------+-------+-------++-------
Melee: Unarmed           |     9 |       |       ||     9
       Dagger            |       |    14 |       ||    14
       Short sword       |       |    14 |   113 ||   127
 Cast: Magic Dart        |    56 |    64 |   124 ||   244
       Searing Ray       |     2 |    13 |    37 ||    52
       Dazzling Spray    |       |     8 |    41 ||    49
  Use: Scroll            |       |     2 |     6 ||     8
 Stab: Sleeping          |     2 |     1 |       ||     3
       Invisible         |       |       |     3 ||     3
  Eat: Chunk             |     2 |     6 |    14 ||    22
Armor: Robe              |     1 |     9 |    76 ||    86
Dodge: Dodged            |     5 |    40 |   182 ||   227
